Map: Proxima Station LE

Players

llllllllllll (Zest)

  • Race: Protoss Protoss
  • League: Master
  • Spawn Location: 7:00

HeroMarine - Winner!

  • Race: Terran Terran
  • Spawn Location: 1:00

Event: HomeStory Cup XV

VOD

Have the link to the VOD?

Description

Time

  • Played on: July 22, 2017, 4:16 p.m.
  • Length: 18:48

All games in this series

Show
View Real Time Build Order
Export as new Build Order

llllllllllll Protoss 

Build Orders: 1 Gate Expand, Oracle Opening, Colossus Rush 

Get SALT Encoding   

  12  0:00  Probe (Chrono Boost)  
  13  0:11  Probe (Chrono Boost)  
  14  0:17  Pylon  
  14  0:22  Probe (Chrono Boost)  
  15  0:35  Probe (Chrono Boost)  
  16  0:37  Gateway  
  16  0:45  Probe (Chrono Boost)  
  16  0:46  Assimilator  
  17  0:56  Probe (Chrono Boost)  
  18  1:06  Probe (Chrono Boost)  
  19  1:17  Probe (Chrono Boost)  
  20  1:25  Nexus  
  20  1:30  Probe (Chrono Boost)  
  21  1:38  Cybernetics Core  
  21  1:40  Probe (Chrono Boost)  
  21  1:46  Assimilator  
  22  1:51  Probe (Chrono Boost)  
  23  1:55  Pylon  
  23  2:13  Probe (Chrono Boost)  
  23  2:15  Stargate  
  24  2:24  Probe (Chrono Boost), Warp Gate  
  25  2:34  Probe (Chrono Boost)  
  27  2:37  Probe (Chrono Boost)  
  27  2:45  Probe (Chrono Boost)  
  27  2:47  Probe (Chrono Boost)  
  29  2:55  Probe (Chrono Boost)  
  29  2:57  Probe (Chrono Boost)  
  29  2:58  Oracle (Chrono Boost)  
  34  3:06  Nexus  
  34  3:08  Probe  
  34  3:09  Probe  
  36  3:20  Probe x2 (Chrono Boost)  
  36  3:25  Robotics Facility  
  38  3:32  Probe (Chrono Boost), Mothership Core (Chrono Boost)  
  41  3:35  Assimilator  
  41  3:37  Assimilator  
  41  3:42  Probe (Chrono Boost)  
  42  3:52  Gateway  
  42  3:53  Gateway  
  42  3:59  Oracle (Chrono Boost)  
  45  4:02  Pylon  
  45  4:03  Probe  
  45  4:06  Pylon  
  46  4:18  Probe  
  46  4:22  Probe x2  
  46  4:27  Immortal (Chrono Boost)  
  46  4:30  Probe  
  51  4:33  Probe x2  
  51  4:37  Stalker  
  51  4:38  Oracle (Chrono Boost)  
  57  4:47  Pylon  
  56  4:55  Stalker x2  
  60  5:00  Pylon  
  60  5:05  Probe  
  60  5:06  Probe  
  60  5:07  Observer (Chrono Boost)  
  59  5:11  Probe (Chrono Boost)  
  59  5:12  Robotics Bay  
  60  5:19  Probe x2 (Chrono Boost)  
  62  5:23  Probe (Chrono Boost)  
  62  5:26  Pylon  
  63  5:29  Probe x2 (Chrono Boost)  
  63  5:31  Twilight Council  
  63  5:32  Observer  
  66  5:36  Gateway  
  66  5:38  Forge  
  66  5:39  Probe (Chrono Boost)  
  66  5:40  Probe (Chrono Boost)  
  66  5:41  Probe (Chrono Boost)  
  69  5:47  Extended Thermal Lance  
  69  5:54  Colossus (Chrono Boost)  
  69  5:56  Probe x3 (Chrono Boost)  
  78  6:06  Probe, Pylon  
  79  6:11  Blink (Chrono Boost)  
  79  6:12  Probe x2  
  79  6:18  Probe  
  82  6:20  Assimilator  
  82  6:23  Protoss Ground Armor Level 1 (Chrono Boost)  
  82  6:24  Assimilator  
  82  6:28  Pylon, Probe  
  82  6:29  Probe  
  82  6:30  Probe  
  85  6:35  Pylon  
  85  6:38  Colossus  
  85  6:40  Probe  
  92  6:47  Gateway  
  92  6:48  Gateway  
  92  6:50  Gateway  
  92  6:53  Pylon  
  92  6:54  Sentry  
  92  6:56  Pylon  
  92  6:58  Sentry  
  92  6:59  Probe x2  
  92  7:00  Probe  
  99  7:02  Pylon  
  99  7:03  Pylon  
  99  7:07  Pylon  
  99  7:11  Forge  
  99  7:15  Pylon  
  99  7:19  Zealot, Sentry  
  99  7:21  Probe x2  
  99  7:22  Probe  
  106  7:35  Stalker, Templar Archives  
  105  7:44  Pylon  
  105  7:45  Stalker x4  
  105  7:50  Pylon  
  109  7:59  Stalker  
  109  8:01  Probe  
  109  8:04  Pylon  
  106  8:13  Mothership Core  
  106  8:17  Stalker x3, Protoss Ground Armor Level 2 (Chrono Boost)  
  106  8:19  Psionic Storm  
  113  8:21  Probe x2, Protoss Ground Weapons Level 1 (Chrono Boost)  
  104  8:33  Probe x2  
  106  8:34  Probe  
  106  8:38  Zealot x2  
  111  8:41  Pylon  
  111  8:45  Probe  
  111  8:46  Probe x2  
  114  8:58  Probe x3  
  114  9:02  Pylon  
  121  9:03  Warp Prism  
  121  9:05  High Templar  
  121  9:06  High Templar  
  123  9:10  Probe x3, Stalker x4  
  134  9:19  Pylon  
  134  9:20  Photon Cannon  
  134  9:32  Charge (Chrono Boost)  
  134  9:33  Nexus  
  134  9:35  Pylon  
  131  9:40  High Templar x2  
  135  9:47  Probe  
  135  9:52  Gateway  
  136  9:55  Gateway, High Templar x2  
  136  9:56  Gateway  
  136  9:58  Pylon  
  140  10:00  Gateway  
  140  10:01  Pylon  
  140  10:08  Zealot x2  
  140  10:12  Dark Shrine  
  140  10:13  Protoss Ground Weapons Level 2  
  144  10:14  Probe  
  144  10:15  Probe x2  
  147  10:25  High Templar x2  
  151  10:53  Zealot x4  
  156  11:07  Archon  
  156  11:10  Zealot  
  156  11:11  Zealot x4  
  150  11:17  Protoss Ground Armor Level 3, Archon  
  144  11:18  Zealot  
  144  11:19  Zealot x4  
  132  11:28  Colossus (Chrono Boost)  
  120  11:33  High Templar x4  
  120  11:34  Zealot  
  120  11:38  Archon x2  
  129  11:42  Zealot x5  
  133  11:47  Probe x3  
  133  11:50  Assimilator x2  
  136  11:55  High Templar  
  138  12:04  Photon Cannon  
  138  12:06  Photon Cannon, Robotics Facility, Pylon  
  138  12:08  Zealot x2  
  138  12:10  Photon Cannon, Protoss Ground Weapons Level 3  
  142  12:17  High Templar x2  
  146  12:28  Colossus (Chrono Boost)  
  152  12:44  Zealot x8  
  167  13:07  Zealot x9  
  167  13:08  Zealot  
  194  13:21  Archon  
  194  13:26  Disruptor (Chrono Boost)  
  177  13:30  Disruptor (Chrono Boost)  
  177  13:32  Zealot x10  
  179  13:44  Pylon  
  176  13:53  High Templar x2  
  176  13:54  High Templar x4  
  176  13:55  Zealot x4  
  163  14:14  Disruptor (Chrono Boost)  
  161  14:21  Stalker x4  
  160  14:33  Zealot x2  
  160  14:34  Zealot x4  
  172  14:45  Archon  
  170  14:57  Archon  
  136  15:01  Archon  
  136  15:06  Stalker x6  
  100  15:30  Nexus  
  100  15:36  Protoss Shields Level 1  
  100  15:42  High Templar x8  
  114  15:44  Assimilator  
  104  15:58  Observer (Chrono Boost)  
  104  16:00  Pylon  
  103  16:14  Robotics Facility  
  103  16:27  Sentry  
  103  16:29  Zealot x3, Stalker x2  
  115  16:57  Colossus (Chrono Boost)  
  121  17:21  Colossus (Chrono Boost)  
  127  17:38  High Templar  
  127  17:39  Zealot x8, High Templar  
  127  17:44  Archon  
  119  18:04  Zealot x5  
  123  18:11  Nexus  
  121  18:19  Stalker x2  
  125  18:33  Stalker x4  
Show
View Real Time Build Order
Export as new Build Order

HeroMarine Terran - Winner!

Build Orders: Command Center First (CC), MMM Bio 

Get SALT Encoding   

  12  0:01  SCV  
  13  0:13  SCV  
  14  0:18  Supply Depot  
  14  0:25  SCV  
  15  0:39  SCV  
  16  0:51  SCV  
  17  1:00  Command Center  
  17  1:04  SCV  
  18  1:15  Barracks  
  18  1:18  SCV  
  19  1:32  Barracks  
  19  1:34  SCV  
  20  1:47  SCV  
  20  1:57  Barracks  
  21  2:03  Marine  
  21  2:04  Orbital Command  
  21  2:19  Marine  
  21  2:20  Marine  
  21  2:21  Orbital Command  
  23  2:29  SCV  
  24  2:37  Marine  
  24  2:38  Marine  
  24  2:42  SCV  
  27  2:44  Marine  
  27  2:47  Engineering Bay  
  27  2:48  SCV  
  29  2:54  SCV, Marine  
  29  2:56  Marine  
  32  3:00  Supply Depot  
  32  3:01  SCV  
  32  3:02  Marine  
  34  3:06  SCV  
  34  3:07  Supply Depot  
  35  3:13  SCV  
  35  3:14  Marine, Missile Turret  
  35  3:17  Marine  
  38  3:21  Marine  
  38  3:22  SCV  
  38  3:25  Missile Turret  
  38  3:27  SCV  
  41  3:34  SCV, Refinery, Marine  
  42  3:35  Refinery  
  42  3:39  SCV  
  44  3:42  Marine x2  
  44  3:46  SCV  
  47  3:51  SCV  
  47  3:54  Marine  
  49  3:58  SCV  
  49  4:00  Marine  
  49  4:01  Supply Depot  
  49  4:02  Supply Depot  
  51  4:03  SCV  
  51  4:04  Barracks Tech Lab  
  52  4:10  SCV  
  52  4:13  Command Center  
  52  4:15  SCV  
  54  4:22  SCV  
  51  4:27  SCV, Marine x2  
  53  4:34  Stimpack, Marine, SCV  
  55  4:39  SCV  
  56  4:47  SCV, Marine  
  56  4:48  Refinery  
  56  4:49  Factory  
  56  4:51  SCV  
  58  4:54  Marine  
  58  4:55  Marine  
  58  4:58  Refinery  
  58  4:59  SCV  
  60  5:01  Terran Infantry Weapons Level 1  
  60  5:03  SCV  
  55  5:11  Barracks Reactor  
  55  5:12  Marine  
  55  5:13  SCV  
  55  5:15  SCV  
  55  5:19  Barracks Tech Lab  
  56  5:21  Barracks  
  56  5:22  Barracks  
  56  5:25  SCV, Orbital Command  
  56  5:28  SCV  
  58  5:31  Marauder  
  58  5:33  Factory Reactor  
  58  5:34  Starport  
  60  5:37  Marauder, SCV  
  60  5:40  SCV  
  64  5:49  SCV, Marine x2  
  66  5:52  SCV x2  
  65  5:59  Marauder x2, Combat Shields  
  65  6:01  SCV  
  71  6:04  SCV  
  71  6:07  Marine x2, Supply Depot x2  
  71  6:08  Orbital Command  
  71  6:09  Barracks Tech Lab  
  74  6:13  Barracks Reactor, SCV  
  74  6:16  SCV  
  75  6:21  Marauder  
  75  6:22  Marauder  
  75  6:23  Supply Depot  
  78  6:25  SCV  
  78  6:28  SCV  
  78  6:30  Medivac x2  
  82  6:33  Marauder, Marine x2  
  82  6:34  SCV  
  82  6:37  SCV  
  82  6:39  Missile Turret  
  88  6:40  SCV, Concussive Shells  
  88  6:43  Marauder  
  88  6:46  SCV  
  92  6:50  SCV, Refinery, Marine x2  
  92  6:51  Refinery  
  92  6:52  Marauder, SCV  
  92  6:53  Marine x2  
  100  6:55  Terran Infantry Armor Level 1  
  100  6:58  Marauder, SCV  
  103  7:02  SCV, Medivac x2  
  103  7:04  SCV  
  103  7:07  Supply Depot  
  109  7:08  Supply Depot  
  109  7:10  SCV  
  109  7:13  Supply Depot  
  109  7:14  SCV  
  111  7:16  SCV  
  111  7:18  Marauder x2  
  111  7:20  Marine  
  117  7:23  Marine  
  117  7:24  SCV  
  117  7:28  Marine x2, SCV  
  117  7:29  SCV  
  121  7:32  Engineering Bay  
  121  7:33  Marine, Armory  
  121  7:36  SCV  
  122  7:40  Marauder, SCV  
  122  7:44  Marine  
  125  7:45  Medivac x2  
  125  7:47  Marauder  
  125  7:48  Marine x2  
  134  7:52  Marauder, Marine  
  134  7:55  SCV x2  
  138  8:01  Marine  
  139  8:05  Factory Reactor  
  139  8:08  Marine  
  139  8:09  Marauder, Marine, Starport  
  135  8:13  Marauder  
  135  8:15  Medivac x2  
  135  8:19  Marauder  
  123  8:27  Marine x2  
  123  8:28  Marine x2  
  123  8:30  Marauder  
  129  8:35  Marauder  
  129  8:36  Command Center  
  129  8:39  Terran Infantry Weapons Level 2  
  129  8:41  Marauder  
  133  8:45  Marine x2  
  125  8:51  Marauder  
  125  8:54  Terran Infantry Armor Level 2  
  133  8:56  Marauder  
  133  8:57  Terran Ship Weapons Level 1, Viking x2  
  133  9:00  Supply Depot  
  133  9:01  Viking x2, Supply Depot x2  
  137  9:07  Marine x2  
  139  9:11  Ghost Academy  
  139  9:12  Marine x2  
  141  9:22  Marauder x3  
  147  9:24  Supply Depot  
  147  9:25  Supply Depot  
  147  9:27  Marine x2, Viking x2  
  147  9:28  Sensor Tower  
  153  9:31  Viking  
  153  9:34  Marine x2  
  153  9:37  Viking  
  159  9:41  Supply Depot  
  159  9:42  Supply Depot  
  161  9:46  Ghost  
  161  9:47  Ghost x2  
  161  9:48  Marine x2  
  167  10:01  Viking x2  
  167  10:02  Missile Turret  
  167  10:03  Viking  
  167  10:04  Marine x2  
  175  10:10  Viking  
  175  10:13  Planetary Fortress  
  177  10:16  Marauder  
  179  10:31  Marauder x2, Marine x4  
  179  10:34  Barracks  
  179  10:35  Barracks  
  189  10:36  Barracks  
  189  10:37  Marauder, Liberator  
  189  10:38  Liberator x2  
  198  11:00  Marine x2  
  192  11:07  Viking  
  192  11:10  Marauder  
  177  11:19  Marauder  
  177  11:22  Marine x2  
  134  11:35  Barracks Reactor, Barracks Tech Lab x2  
  134  11:36  Marine  
  134  11:37  Marine, Medivac x2  
  141  11:46  Ghost x2  
  139  11:47  Terran Infantry Weapons Level 3  
  139  11:48  Ghost  
  139  11:50  Refinery  
  139  11:51  Marine x2  
  139  11:52  Refinery  
  139  11:53  Barracks, Medivac, Command Center  
  139  11:54  Marine, Barracks  
  145  12:01  Marauder x2, Marine  
  151  12:09  Marine x2  
  151  12:11  Marine  
  151  12:15  Marauder, Ghost  
  156  12:17  Marine x2, Ghost  
  156  12:18  Marine  
  156  12:21  Ghost  
  156  12:22  Marauder  
  166  12:27  Marine  
  166  12:29  Marine  
  168  12:36  Marauder  
  170  12:40  Barracks Reactor, Terran Infantry Armor Level 3  
  170  12:41  Barracks Tech Lab  
  170  12:42  Marine x2  
  170  12:43  Marauder, Marine x2  
  176  12:45  Marauder, Marine  
  179  12:59  Viking  
  179  13:00  Viking x2  
  179  13:03  Personal Cloaking  
  185  13:09  Marine x2  
  185  13:11  Marine x5  
  187  13:13  Marine x2  
  187  13:18  Marine x2  
  178  13:29  Orbital Command  
  178  13:32  Marauder, Marine x2  
  178  13:34  Marine x2  
  176  13:36  Marine x2  
  180  13:42  Marauder  
  180  13:46  Liberator x4  
  182  13:52  Marauder, Marine x2  
  181  13:56  Marine x2  
  181  14:01  Marauder  
  181  14:02  Marine x2  
  173  14:09  Orbital Command  
  175  14:10  Marine x2  
  175  14:14  Marine x2  
  160  14:20  SCV  
  160  14:23  Marine  
  160  14:24  Marauder  
  160  14:28  Liberator  
  160  14:29  Liberator  
  160  14:32  Marauder  
  160  14:33  Marine x3  
  160  14:34  Marauder, Marine  
  168  14:45  Marauder  
  172  14:53  Marauder  
  172  14:55  Marauder  
  144  15:00  Marine x2  
  129  15:07  Marauder  
  129  15:09  Marine x2  
  129  15:10  Marine  
  118  15:15  Marauder, Marine  
  118  15:17  Marauder  
  115  15:22  Marine x2  
  113  15:28  Marauder  
  113  15:29  Marine  
  112  15:36  Marauder, Marine x2  
  112  15:38  Marauder, Marine  
  116  15:43  Marine x2  
  116  15:44  Marine  
  116  15:47  Marine  
  116  15:49  Marine  
  122  15:50  Marauder  
  122  15:51  Orbital Command  
  122  15:56  Marine  
  123  15:57  Marauder  
  123  15:59  Marine  
  123  16:00  Marauder, Marine  
  123  16:01  Marine  
  130  16:09  Marine  
  130  16:10  Marine  
  134  16:12  Liberator x4  
  134  16:15  Orbital Command  
  134  16:18  Missile Turret  
  134  16:22  Marine  
  140  16:31  Marauder  
  147  16:33  Marauder x2  
  147  16:38  Barracks Tech Lab x3  
  151  16:40  Marine x3  
  151  16:43  Marine x2  
  151  16:44  Marine x2  
  151  16:46  Marine  
  159  16:52  Marauder  
  161  16:54  Marine x2  
  161  16:57  Marine x3  
  161  17:00  Sensor Tower  
  166  17:04  Marine  
  166  17:05  Marine x4  
  170  17:08  Marine x2  
  170  17:12  Marauder x2  
  170  17:13  Marauder  
  178  17:18  Marauder, Marine  
  178  17:19  Marauder, Marine  
  178  17:21  Supply Depot  
  178  17:22  Marine  
  184  17:29  Marine  
  183  17:30  Marine  
  183  17:34  Marauder  
  176  17:45  Marine x2  
  176  17:46  Marauder x2  
  179  17:56  Marauder x2, Marine  
  180  17:59  Marine x2  
  180  18:00  Marauder, Marine x2  
  180  18:01  Marine  
  180  18:02  Marauder  
  180  18:03  Marine  
  169  18:09  Marauder  
  177  18:21  Marauder  
Tags
 
Add a new tag
Caveats
  • Supply blocks, unpowered buildings, or Contaminate may cause inaccurate times.
  • Supply counts are checked every 10 seconds.